 Dungeon Sprint DCSS version 0.22.0-38-g04b72b8 (webtiles) character file.

1896 iamserjio the Carver (level 8, -19/84 HPs)
             Began as a Deep Elf Berserker on Aug 25, 2018.
             Was an Elder of Trog.
             Killed from afar by a lindwurm (24 damage)
             ... with a blast of flame
             ... in the Dungeon (Sprint I: "Red Sonja").
             The game lasted 00:04:34 (790 turns).

iamserjio the Carver (Deep Elf Berserker)            Turns: 790, Time: 00:04:35

Health: -19/84     AC:  3    Str: 21    XL:     8   Next: 93%
Magic:  10/10      EV: 19    Int: 13    God:    Trog [****..]
Gold:   166        SH:  0    Dex: 14    Spells: 7/7 levels left

rFire    . . .     SeeInvis .   a - +0 falchion
rCold    . . .     Gourm    .   (no shield)
rNeg     . . .     Faith    .   k - +0 leather armour
rPois    .         Spirit   .   (no helmet)
rElec    .         Reflect  .   (no cloak)
rCorr    .         Harm     .   (no gloves)
MR       .....     NoTele   +   (no boots)
Stlth    ..........             (no amulet)
HPRegen  0.24/turn              (no ring)
MPRegen  0.12/turn              (no ring)

@: mighty, berserking, very quick
A: no striking features
a: Berserk, Trog's Hand, Brothers in Arms, Renounce Religion


You were in the Dungeon.
You worshipped Trog.
Trog was greatly pleased with you.
You were not hungry.

You visited 1 branch You collected 476 gold pieces.
You spent 310 gold pieces at shops.

Inventory:

Hand Weapons
 a - a +0 falchion (weapon)
Armour
 b - a +0 animal skin
 k - a +0 leather armour (worn)
Scrolls
 i - a scroll of blinking
Potions
 c - a potion of might
 d - 2 potions of curing {@q1}
 f - a potion of haste
 g - 2 potions of magic
 h - a potion of berserk rage
 j - a potion of lignification
 m - a potion of flight


   Skills:
 + Level 8.9 Fighting
 * Level 13.0 Long Blades
 - Level 1.5 Armour
 + Level 12.0 Dodging


You had 7 spell levels left.
You didn't know any spells.
Your spell library was empty.

Dungeon Overview and Level Annotations

Branches:
Dungeon (1/1)

Altars:
Cheibriados
Dithmenos
Elyvilon
Fedhas
Gozag
Hepliaklqana
Kikubaaqudgha
Makhleb
Nemelex Xobeh
Okawaru
Qazlal
Ru
Sif Muna
Trog
Uskayaw
Vehumet
Wu Jian
Xom
Yredelemnul
Zin
The Shining One
Jiyva
Lugonu

Shops:
D !


Message History

You barely miss the lindwurm.
The lindwurm is heavily wounded.
You hit the lindwurm.
The lindwurm is severely wounded.
The lindwurm breathes flames at you. The blast of flame misses you.
You slash the lindwurm!
The lindwurm is severely wounded.
You hit the lindwurm.
The lindwurm is severely wounded.
The lindwurm bites you.
* * * LOW HITPOINT WARNING * * *
The lindwurm barely misses you. The lindwurm completely misses you.
You hit the lindwurm.
The lindwurm is almost dead.
You hit the lindwurm.
The lindwurm is almost dead.
The lindwurm breathes flames at you. The blast of flame hits you!
You die...

####################
.#__#..')..#§§#§@k§+
.'..'..#)..##'#§####
'#__####...'..#§#
.#### #####.§'.#
.#§§§ #+#### .+≈§§§
_#≈§§§c +##+###


You could see a lindwurm.

Vanquished Creatures
  A demonic crawler (D)
  2 kobold demonologists (D)
  A slime creature (D)
  Sigmund (D)
  A yak (D)
  A floating eye (D)
  An ogre (D)
  A jelly (D)
  Ijyb (D)
10 creatures vanquished.

Vanquished Creatures (collateral kills)
  3 demonic crawlers (D)
3 creatures vanquished.

Grand Total: 13 creatures vanquished

Notes
Turn   | Place    | Note
-------+----------+-------------------------------------------
     0 | D        | iamserjio the Deep Elf Berserker began the quest for the Orb.
     0 | D        | Reached XP level 1. HP: 13/13 MP: 3/3
     1 | D        | Noticed Ijyb
     9 | D        | Killed Ijyb
     9 | D        | Reached skill level 4 in Long Blades
     9 | D        | Reached XP level 2. HP: 19/19 MP: 4/4
    80 | D        | Noticed an ogre
    86 | D        | Killed an ogre
    86 | D        | Reached skill level 6 in Long Blades
    86 | D        | Reached skill level 5 in Dodging
    86 | D        | Reached XP level 3. HP: 22/24 MP: 5/5
    86 | D        | Reached XP level 4. HP: 28/30 MP: 6/6
   190 | D        | Noticed Sigmund
   198 | D        | Killed Sigmund
   198 | D        | Reached ** piety under Trog
   198 | D        | Reached skill level 5 in Fighting
   198 | D        | Reached skill level 8 in Long Blades
   198 | D        | Reached XP level 5. HP: 36/36 MP: 7/7
   198 | D        | Reached XP level 6. HP: 41/41 MP: 8/8
   254 | D        | Found an ornate altar of the Wu Jian Council.
   254 | D        | Found a deep blue altar of Sif Muna.
   256 | D        | Found a radiant altar of Vehumet.
   278 | D        | Found Imuosibbua's Distillery.
   278 | D        | Found an ancient bone altar of Kikubaaqudgha.
   278 | D        | Found a hazy altar of Hepliaklqana.
   278 | D        | Found a stormy altar of Qazlal.
   278 | D        | Found a hide-covered altar of Uskayaw.
   278 | D        | Found a blossoming altar of Fedhas.
   278 | D        | Found a bloodstained altar of Trog.
   278 | D        | Found an iron altar of Okawaru.
   278 | D        | Found a basalt altar of Yredelemnul.
   278 | D        | Found a glowing golden altar of the Shining One.
   278 | D        | Found a snail-covered altar of Cheibriados.
   278 | D        | Found a sacrificial altar of Ru.
   278 | D        | Found a glowing silver altar of Zin.
   278 | D        | Found a shadowy altar of Dithmenos.
   278 | D        | Found a white marble altar of Elyvilon.
   278 | D        | Noticed a yak
   283 | D        | Killed a yak
   283 | D        | Reached skill level 9 in Long Blades
   290 | D        | Found an opulent altar of Gozag.
   320 | D        | Found a viscous altar of Jiyva.
   320 | D        | Found a corrupted altar of Lugonu.
   320 | D        | Noticed a slime creature
   321 | D        | Found a burning altar of Makhleb.
   321 | D        | Found a shimmering altar of Xom.
   327 | D        | Killed a slime creature
   327 | D        | Reached *** piety under Trog
   327 | D        | Reached skill level 10 in Long Blades
   327 | D        | Reached XP level 7. HP: 48/48 MP: 9/9
   372 | D        | Noticed a centaur warrior
   380 | D        | Found a sparkling altar of Nemelex Xobeh.
   385 | D        | Bought a potion of might for 40 gold pieces
   385 | D        | Bought a potion of might for 40 gold pieces
   385 | D        | Bought a potion of lignification for 30 gold pieces
   385 | D        | Bought a potion of agility for 40 gold pieces
   385 | D        | Bought a potion of curing for 30 gold pieces
   385 | D        | Bought a potion of flight for 30 gold pieces
   385 | D        | Bought a potion of haste for 100 gold pieces
   410 | D        | Noticed a kobold demonologist
   410 | D        | Noticed a kobold demonologist
   412 | D        | Reached skill level 10 in Dodging
   416 | D        | Noticed a neqoxec
   420 | D        | Killed a kobold demonologist
   420 | D        | Reached skill level 11 in Long Blades
   424 | D        | Killed a kobold demonologist
   424 | D        | Reached **** piety under Trog
   424 | D        | Reached skill level 12 in Long Blades
   424 | D        | Reached XP level 8. HP: 54/54 MP: 10/10
   453 | D        | Noticed a demonic crawler
   453 | D        | Noticed a demonic crawler
   453 | D        | Noticed a demonic crawler
   453 | D        | Noticed a demonic crawler
   474 | D        | Killed a demonic crawler
   478 | D        | Killed a demonic crawler
   480 | D        | Killed a demonic crawler
   494 | D        | Killed a demonic crawler
   494 | D        | Reached skill level 13 in Long Blades
   778 | D        | Noticed a lindwurm
   790 | D        | Killed from afar by a lindwurm

Skill      XL: |  1  2  3  4  5  6  7  8 |
---------------+-------------------------+-----
Fighting       | 3 4 5 7 8 |  8.9
Long Blades    | 4 6 8 10 12 13 | 13.0
Dodging        | 4 5 7 9 11 12 | 12.0
Armour         | |  1.5

Action                   |  1- 3 |  4- 6 |  7- 9 || total
-------------------------+-------+-------+-------++-------
Melee: Falchion          |    11 |    16 |    37 ||    64
Invok: Berserk           |     2 |     3 |     3 ||     8
       Brothers in Arms  |       |       |     1 ||     1
  Use: Potion            |       |       |     4 ||     4
  Eat: Chunk             |       |     1 |       ||     1
       Ration            |       |       |     2 ||     2
Armor: Animal skin       |     1 |       |       ||     1
       Leather armour    |       |       |     1 ||     1
Dodge: Dodged            |     4 |     6 |    46 ||    56
       Rpst.: Falchion   |     3 |     4 |     5 ||    12
